Map: New Bed of Chaos LE

Players

Sagga

  • Race: Protoss Protoss
  • League: Platinum

Timbo

  • Race: Protoss Protoss

Nitrate - Winner!

  • Race: Protoss Protoss
  • League: Gold

Вагнер - Winner!

  • Race: Protoss Protoss

VOD

Have the link to the VOD?

Description

Time

  • Played on: Feb. 22, 2026, 1:18 p.m.
  • Length: 8:05
Show
View Real Time Build Order
Export as new Build Order

Sagga Protoss 

Build Orders:  

Get SALT Encoding   

  12  0:00  Probe  
  13  0:12  Probe  
  14  0:22  Pylon  
  14  0:29  Probe  
  15  0:41  Probe  
  16  0:52  Gateway  
  16  0:56  Probe  
  17  1:09  Probe  
  18  1:14  Assimilator  
  18  1:17  Probe  
  18  1:25  Probe  
  20  1:37  Probe  
  21  1:45  Nexus  
  21  1:49  Cybernetics Core  
  21  1:55  Probe  
  22  2:04  Assimilator  
  22  2:08  Probe  
  23  2:20  Probe  
  23  2:32  Pylon  
  23  2:50  Probe  
  26  2:52  Gateway  
  26  3:08  Pylon x2  
  26  3:14  Pylon  
  26  3:20  Forge  
  26  3:23  Pylon  
  26  3:28  Pylon  
  26  3:37  Cybernetics Core  
  26  3:47  Pylon  
  26  3:58  Photon Cannon  
  26  4:02  Stalker  
  25  4:06  Photon Cannon  
  25  4:08  Photon Cannon  
  25  4:26  Robotics Facility  
  25  4:56  Twilight Council  
  25  5:04  Warp Prism  
  25  5:06  Gateway x2, Warp Gate  
  25  5:09  Pylon  
  27  5:36  Dark Shrine  
  27  5:51  Gateway  
  27  5:58  Pylon  
  27  6:33  Nexus  
  27  6:55  Dark Templar x2  
  27  6:56  Dark Templar x2  
Show
View Real Time Build Order
Export as new Build Order

Timbo Protoss 

Build Orders:  

Get SALT Encoding   

  12  0:01  Probe  
  13  0:48  Pylon  
  13  1:41  Probe  
  13  1:44  Gateway  
  14  1:53  Probe  
  15  2:05  Probe  
  16  2:10  Nexus  
  16  2:17  Probe  
  17  2:30  Probe  
  17  2:41  Zealot  
  17  4:49  Probe  
  17  5:25  Pylon  
  17  5:27  Pylon  
  17  5:30  Pylon  
  17  5:35  Assimilator  
  17  5:43  Assimilator  
  17  5:51  Gateway  
  17  5:53  Gateway  
  17  6:15  Forge  
  17  6:20  Probe  
  18  6:32  Probe  
  19  6:40  Zealot  
  19  6:41  Zealot  
  19  6:45  Probe  
  24  6:57  Probe  
  25  7:07  Zealot  
  25  7:08  Zealot  
  29  7:09  Probe  
  29  7:11  Photon Cannon  
  29  7:12  Photon Cannon  
  29  7:14  Photon Cannon  
  29  7:15  Photon Cannon  
  30  7:16  Photon Cannon  
  30  7:18  Photon Cannon  
  30  7:19  Photon Cannon  
  30  7:21  Photon Cannon  
Show
View Real Time Build Order
Export as new Build Order

Nitrate Protoss - Winner!

Build Orders:  

Get SALT Encoding   

  12  0:00  Probe  
  13  0:12  Probe  
  14  0:23  Pylon  
  14  0:25  Probe  
  15  0:41  Probe  
  16  0:43  Gateway  
  16  0:53  Probe  
  17  1:02  Probe  
  17  1:07  Assimilator  
  17  1:10  Probe  
  19  1:19  Probe  
  19  1:23  Pylon  
  20  1:31  Probe  
  21  1:33  Assimilator  
  21  1:34  Zealot  
  23  1:47  Probe  
  23  1:51  Cybernetics Core  
  24  2:02  Gateway  
  24  2:22  Probe, Warp Gate  
  24  2:30  Probe  
  25  2:38  Probe  
  26  2:50  Probe  
  27  2:55  Nexus  
  27  2:57  Pylon  
  27  3:19  Pylon  
  27  3:33  Gateway  
  27  3:35  Gateway  
  27  3:37  Gateway  
  27  3:49  Stalker x2  
  31  3:56  Assimilator  
  31  3:58  Probe  
  32  4:03  Pylon  
  32  4:08  Forge, Probe  
  33  4:10  Probe  
  34  4:20  Probe  
  34  4:22  Probe, Pylon  
  36  4:46  Robotics Facility, Probe  
  36  4:49  Twilight Council  
  36  4:50  Probe  
  37  4:54  Probe  
  38  5:02  Probe  
  39  5:09  Protoss Ground Weapons Level 1  
  39  5:10  Blink  
  39  5:17  Pylon  
  39  5:26  Stalker x5  
  49  5:34  Warp Prism  
  51  5:38  Probe  
  51  5:41  Probe  
  53  5:50  Probe  
  54  5:58  Pylon  
  54  6:01  Photon Cannon  
  54  6:03  Photon Cannon  
  54  6:13  Stalker x2  
  58  6:19  Observer  
  59  6:26  Assimilator  
  59  6:41  Pylon  
  59  6:42  Pylon  
  59  6:50  Probe x2  
  61  7:02  Stalker x3, Probe x2  
  61  7:03  Stalker  
  61  7:04  Stalker  
  73  7:14  Probe  
  74  7:23  Observer  
  71  7:35  Stalker x2  
  73  7:39  Observer  
Show
View Real Time Build Order
Export as new Build Order

Вагнер Protoss - Winner!

Build Orders:  

Get SALT Encoding   

  1  0:00  Probe  
  12  0:05  Probe  
  14  0:20  Pylon  
  14  0:23  Probe  
  15  0:43  Gateway  
  15  0:45  Gateway  
  15  0:52  Assimilator  
  15  1:03  Pylon  
  15  1:05  Probe  
  16  1:15  Probe  
  17  1:26  Probe  
  18  1:33  Cybernetics Core  
  18  1:34  Zealot  
  18  1:36  Zealot  
  22  1:40  Probe  
  23  1:47  Assimilator  
  24  1:54  Probe  
  24  2:05  Zealot  
  24  2:06  Zealot  
  28  2:11  Probe  
  29  2:21  Twilight Council  
  29  2:24  Probe  
  30  2:32  Probe  
  31  2:39  Pylon  
  31  2:57  Probe, Zealot x2  
  36  3:24  Zealot  
  38  3:43  Charge  
  38  3:51  Nexus  
  38  4:12  Pylon  
  38  4:14  Gateway, Pylon  
  38  4:27  Stalker  
  38  4:30  Zealot, Pylon  
  42  4:39  Forge  
  42  4:54  Stalker x2, Probe  
  42  4:58  Assimilator  
  47  5:03  Assimilator  
  47  5:12  Probe  
  47  5:19  Probe  
  47  5:20  Probe  
  47  5:21  Stalker  
  48  5:27  Probe  
  52  5:29  Probe  
  54  5:37  Probe  
  54  5:40  Robotics Facility  
  54  5:41  Probe  
  56  5:49  Probe, Stalker x2  
  57  5:54  Probe  
  62  6:03  Photon Cannon  
  62  6:06  Photon Cannon  
  62  6:12  Pylon  
  62  6:19  Photon Cannon  
  62  6:24  Stalker  
  62  6:25  Stalker  
  66  6:37  Photon Cannon  
  66  6:44  Probe  
  66  6:49  Photon Cannon  
  66  6:52  Probe  
  68  7:02  Robotics Bay  
  68  7:04  Stalker  
  62  7:15  Stalker  
  72  7:32  Observer  
Tags
 
Add a new tag
Caveats
  • Supply blocks, unpowered buildings, or Contaminate may cause inaccurate times.
  • Supply counts are checked every 10 seconds.